 Dungeon Crawl Stone Soup version 0.27.1-2-g3b301248ec (webtiles) character file.

Game seed: 14167589689908690126

193 bnorton916 the Conjurer (level 5, -1/28 HPs)
             Began as a Deep Elf Conjurer on Oct 4, 2021.
             Slain by Blork the orc (5 damage)
             ... on level 4 of the Dungeon.
             The game lasted 00:03:43 (3949 turns).

bnorton916 the Conjurer (Deep Elf Conjurer)         Turns: 3949, Time: 00:03:44

Health: -1/28      AC:  2    Str:  4    XL:     5   Next: 44%
Magic:  6/15       EV: 12    Int: 24    God:
Gold:   111        SH:  0    Dex: 13    Spells: 4/15 levels left

rFire    . . .     SeeInvis .   (no weapon)
rCold    . . .     Faith    .   (no shield)
rNeg     . . .     Spirit   .   a - +0 robe
rPois    .         Reflect  .   (no helmet)
rElec    .         Harm     .   (no cloak)
rCorr    .         Rampage  .   (no gloves)
Will     .....                  (no boots)
Stlth    ++........             (no amulet)
HPRegen  0.09/turn              (no ring)
MPRegen  0.14/turn              (no ring)

@: no status effects
A: no striking features
a: no special abilities


You were on level 4 of the Dungeon.
You visited 1 branch of the dungeon, and saw 4 of its levels.

You collected 111 gold pieces.

Inventory:

Hand Weapons
 r - a +0 whip of venom
Missiles
 b - 5 javelins
 f - 4 silver boomerangs
Armour
 a - a +0 robe (worn)
Wands
 o - a wand of polymorph (2)
Scrolls
 c - 4 scrolls of identify {unknown}
 e - a scroll of fear {unknown}
 g - 2 scrolls of amnesia {unknown}
 h - a scroll of summoning {unknown}
 i - a scroll of enchant weapon {unknown}
 j - 3 scrolls of teleportation {unknown}
 l - a scroll of enchant armour {unknown}
 m - a scroll of magic mapping {unknown}
 n - a scroll of silence {unknown}
 q - a scroll of brand weapon {unknown}
Potions
 d - 2 potions of curing {unknown}
 k - 2 potions of might {unknown}
 p - a potion of resistance {unknown}


   Skills:
 - Level 2.4 Dodging
 - Level 2.4 Stealth
 + Level 5.8 Spellcasting
 + Level 6.1 Conjurations


You had 4 spell levels left.
You knew the following spells:

 Your Spells              Type           Power      Damage    Failure   Level
a - Magic Dart            Conj           100%       1d8       1%          1
b - Searing Ray           Conj           72%        3d6       1%          2
c - Fulminant Prism       Conj/Hex       10%        3d9       22%         4
d - Iskenderun's Mystic   Conj/Tloc      21%        2d6       22%         4

Your spell library contained the following spells:

 Spells                   Type           Power      Damage    Failure   Level
 Dazzling Flash           Conj/Hex       42%        N/A       7%          3
 Blink                    Tloc           N/A        N/A       12%         2
 Sublimation of Blood     Necr           3%         N/A       12%         2
 Gell's Gravitas          Tloc           3%         N/A       24%         3
 Lesser Beckoning         Tloc           3%         N/A       24%         3
 Teleport Other           Tloc           6%         N/A       24%         3
 Petrify                  Tmut/Erth      6%         N/A       63%         4
 Irradiate                Conj/Tmut      10%        3d16      54%         5
 Manifold Assault         Tloc           6%         N/A       92%         5
 Dispersal                Tloc           3%         N/A       100%        6


Dungeon Overview and Level Annotations

Branches:
Dungeon (4/15)
 Temple: D:4-7

Altars:
Dithmenos
Trog

Annotations:
D:4 Blork the orc


Message History

There is a stone staircase leading up here.
Blork the orc is nearby!
Press: ? - help, v - describe, . - travel
Here: Blork the orc, wielding a +0 hand axe and wearing a +0 robe (asleep)
The floor.
Casting: Magic Dart (safe; 1% risk of failure)
Confirm with . or Enter, or press ? or * to list all spells.
Aiming: Searing Ray (safe; 1% risk of failure)
Press: ? - help, Shift-Dir - straight line, f - Blork the orc
Aim: Blork the orc, wielding a +0 hand axe and wearing a +0 robe (asleep, 100% to hit)
The searing ray hits Blork the orc!
Blork the orc is moderately wounded.
Blork the orc shouts! (Press . to maintain the ray.) Blork the orc drinks a potion.
Blork the orc seems to speed up.
The searing ray misses Blork the orc.
Blork the orc points at you and mumbles some strange words.
The puff of flame hits you!
The searing ray misses Blork the orc.
The searing ray misses Blork the orc.
You finish channeling your searing ray.
Unknown command.
Casting: Searing Ray (safe; 1% risk of failure)
Confirm with . or Enter, or press ? or * to list all spells.
Aiming: Searing Ray (safe; 1% risk of failure)
Press: ? - help, Shift-Dir - straight line, f/p - Blork the orc
Aim: Blork the orc, wielding a +0 hand axe and wearing a +0 robe (moderately wounded, fast, 83% to hit)
The searing ray misses Blork the orc. (Press . to maintain the ray.) Blork the orc hits you with a +0 hand axe.
The searing ray hits Blork the orc!
Blork the orc is heavily wounded.
Blork the orc barely misses you.
Blork the orc hits you with a +0 hand axe!
* * * LOW HITPOINT WARNING * * *
The searing ray misses Blork the orc.
Blork the orc misses you.
The searing ray hits Blork the orc.
Blork the orc is severely wounded.
You finish channeling your searing ray.
Blork the orc hits you with a +0 hand axe.
You die...

...# ...#
....# ....#
######....#
#..$......#
#.........#
+...<..#
#.@o...#
#......#
#......+
#......#
#......#
#####....
####.


You could see Blork the orc (fast).

Vanquished Creatures
  An orc priest (D:3)
  8 gnolls
  2 adders (D:3)
  3 dart slugs
  3 orcs (D:3)
  7 endoplasms
  3 giant cockroaches
  3 goblins (D:2)
  7 hobgoblins
  A kobold (D:1)
  6 quokkas
  A ball python (D:2)
  8 bats
  3 frilled lizards
  7 rats
63 creatures vanquished.

Notes
Turn   | Place    | Note
-------+----------+-------------------------------------------
     0 | D:1      | bnorton916 the Deep Elf Conjurer began the quest for the
                  | Orb.
     0 | D:1      | Reached XP level 1. HP: 10/10 MP: 6/6
   242 | D:1      | Reached XP level 2. HP: 15/15 MP: 5/8
   838 | D:2      | Found a bloodstained altar of Trog.
   856 | D:2      | Reached skill level 5 in Conjurations
   856 | D:2      | Reached XP level 3. HP: 19/19 MP: 7/10
   964 | D:2      | Found a faded altar of an unknown god.
  1241 | D:1      | Learned a level 2 spell: Searing Ray
  1833 | D:2      | Reached XP level 4. HP: 24/24 MP: 3/12
  2720 | D:3      | Reached skill level 5 in Spellcasting
  3169 | D:3      | Reached XP level 5. HP: 28/28 MP: 7/14
  3234 | D:3      | Learned a level 4 spell: Fulminant Prism
  3239 | D:3      | Learned a level 4 spell: Iskenderun's Mystic Blast
  3512 | D:3      | Found a shadowy altar of Dithmenos.
  3516 | D:3      | Reached skill level 6 in Conjurations
  3939 | D:4      | Noticed Blork the orc
  3949 | D:4      | Slain by Blork the orc

Illustrated notes

Levels and vault maps discovered:
D:1:      mrwooster_arrival_statue_3, layout_basic
D:2:      layout_basic, hellmonk_ecumenical_altar_crossroads, serial_glass,
          glass_columns_a, glass_columns_b, basic_altar, minmay_splitting_lines,
          roderic_st_hans_cross, minmay_pentomino_x4
D:3:      layout_basic, mainiacjoe_overflow_24_doors
D:4:      layout_basic, dk_noncrumbling_4, uniq_blork_the_orc, uniq_menkaure,
          uniq_grinder

Skill      XL: |  1  2  3  4  5 |
---------------+----------------+-----
Spellcasting   | 4 5 |  5.8
Conjurations   | 5 6 |  6.1
Dodging        | |  2.4
Stealth        | |  2.4

Action                   |  1- 3 |  4- 6 || total
-------------------------+-------+-------++-------
 Cast: Magic Dart        |    67 |    47 ||   114
       Searing Ray       |     3 |     7 ||    10
Armor: Robe              |       |     4 ||     4
Dodge: Dodged            |     6 |     8 ||    14
